 Dungeon Sprint DCSS version 0.31-a0-536-ga3e2962e35 (webtiles) character file.

Game seed: 5628987581355876891

200 Conn the Magician (level 5, -1/48 HPs)
             Began as an Octopode Fire Elementalist on Aug 13, 2023.
             Was an Initiate of Sif Muna.
             Slain by a gargoyle
             ... wielding a +0 mace
              (19 damage)
             ... in the Dungeon (Sprint IX: "|||||||||||||||||||||||||||||").
             The game lasted 00:03:05 (397 turns).

Conn the Magician (Octopode Fire Elementalist)       Turns: 397, Time: 00:03:06

Health: -1/48      AC:  1    Str:  7    XL:     5   Next: 79%
Magic:  3/14       EV: 16    Int: 22    God:    Sif Muna [......]
Gold:   0          SH:  0    Dex: 16    Spells: 12/18 levels left

rFire   . . .        j - +2 rapier of Modesty {flame, Dex+3}
rCold   . . .        (no shield)
rNeg    . . .        (helmet restricted)
rPois   .            (no amulet)
rElec   .            k - +2 ring of evasion
rCorr   .            l - +3 ring of intelligence
SInv    .            (no ring)
Will    .....        (no ring) Stlth
                     (no ring)
HPRegen 0.28/turn    (no ring)
MPRegen 0.14/turn    (no ring)
                     (no ring)

%: no teleportation
@: berserking, hasted, very quick
A: almost no armour, amphibious, 8 rings, camouflage 1, gelatinous body 1,
(nimble swimmer 1), tentacles
a: Renounce Religion


You were in the Dungeon.
You worshipped Sif Muna.
Sif Muna was noncommittal.
You visited 1 branch

Inventory:

Hand Weapons
 j - the +2 rapier of Modesty (weapon) {flame, Dex+3}
   (You found it in the Dungeon)

   Dex+3:     It affects your dexterity (+3).
Jewellery
 k - a +2 ring of evasion (left tentacle)
 l - a +3 ring of intelligence (right tentacle)
Wands
 i - a wand of acid (10)
Scrolls
 f - 2 scrolls of blinking
 h - 2 scrolls of amnesia
Potions
 a - 4 potions of magic
 b - 5 potions of curing
 c - a potion of heal wounds
 g - a potion of invisibility


   Skills:
 + Level 0.9 Fighting
 + Level 3.3 Dodging
 + Level 4.3 Stealth
 * Level 7.4 Spellcasting
 * Level 4.2 Conjurations
 + Level 0.9 Hexes
 + Level 6.6 Fire Magic


You had 12 spell levels left.
You knew the following spells:

 Your Spells              Type           Power      Damage    Failure   Level
a - Foxfire               Conj/Fire      100%       2x1d9     1%          1
b - Scorch                Fire           74%        2d8       1%          2
c - Inner Flame           Hex/Fire       24%        N/A       4%          3

Your spell library contained the following spells:

 Spells                   Type           Power      Damage    Failure   Level
 Volatile Blastmotes      Fire/Tloc      44%        2d13      6%          3
 Flame Wave               Conj/Fire      32%        2d9       9%          4


Dungeon Overview and Level Annotations

Branches:
Dungeon (1/1)

Altars:
Cheibriados
Dithmenos
Elyvilon
Fedhas
Gozag
Hepliaklqana
Kikubaaqudgha
Makhleb
Nemelex Xobeh
Okawaru
Qazlal
Ru
Sif Muna
Trog
Uskayaw
Vehumet
Wu Jian
Xom
Yredelemnul
Zin
The Shining One
Jiyva
Lugonu


Innate Abilities, Weirdness & Mutations

You cannot wear most types of armour.
You are amphibious.
You can wear up to eight rings at the same time.
Your skin changes colour to match your surroundings (Stealth+).
Your rubbery body absorbs attacks. (AC +1, EV +1)
((You are camouflaged when in or above water. (Stealth+)))
You have tentacles for arms and can constrict up to eight enemies at once.


Message History

Your Stealth skill increases to level 4!
Your Spellcasting skill gained 3 levels and is now at level 7!
Your Conjurations skill gained 2 levels and is now at level 4!
Your Fire Magic skill increases to level 6!
You have reached level 5!
You feel agile.
Unknown command.
You barely miss the gargoyle. Your grab misses the gargoyle.
The gargoyle barely misses you.
You hit the gargoyle. You burn the gargoyle. You grab the gargoyle.
You squeeze the gargoyle, but do no damage.
The gargoyle is lightly damaged.
You constrict the gargoyle, but do no damage.
The gargoyle closely misses you.
You hit the gargoyle but do no damage.
You squeeze the gargoyle, but do no damage.
The gargoyle is lightly damaged.
You constrict the gargoyle. You puncture the gargoyle! You burn the gargoyle.
The gargoyle is heavily damaged.
You constrict the gargoyle, but do no damage.
The gargoyle completely misses you.
You hit the gargoyle but do no damage.
You squeeze the gargoyle, but do no damage.
The gargoyle is heavily damaged.
You constrict the gargoyle, but do no damage.
The gargoyle completely misses you.
You hit the gargoyle but do no damage.
You squeeze the gargoyle, but do no damage.
The gargoyle is heavily damaged.
You constrict the gargoyle, but do no damage.
The gargoyle misses you.
You hit the gargoyle but do no damage.
The gargoyle is heavily damaged.
You constrict the gargoyle, but do no damage.
You hit the gargoyle. You burn the gargoyle. You squeeze the gargoyle!
The gargoyle is severely damaged.
You constrict the gargoyle, but do no damage.
The gargoyle hits you with a +0 mace!!
You die...

▓_▓
▓_▓
▓_▓
▓_▓
▓_▓
▓_▓
▓'▓
▓.▓
▓@▓
▓9▓
▓9▓
▓Y▓
▓y▓
▓[▓
▓.▓
▓.▓
▓'▓


You could see a yak, 2 gargoyles and a killer bee.

Vanquished Creatures
  A wyvern (D)
  An orc wizard (D)
  2 adders (D)
  A white imp (D)
  An orc (D)
  2 goblins (D)
  A quokka (D)
  A ball python (D)
  2 kobolds (D)
12 creatures vanquished.

Vanquished Creatures (others)
  8 foxfires (D)
8 creatures vanquished.

Grand Total: 20 creatures vanquished

Notes
Turn   | Place    | Note
-------+----------+-------------------------------------------
     0 | D        | Conn the Octopode Fire Elementalist began the quest for the
                  | Orb.
     0 | D        | Reached XP level 1. HP: 11/11 MP: 3/3
    97 | D        | Reached skill level 3 in Spellcasting
    97 | D        | Reached XP level 2. HP: 14/17 MP: 3/6
   100 | D        | Learned a level 2 spell: Scorch
   247 | D        | Reached XP level 3. HP: 12/21 MP: 5/8
   316 | D        | Found a snail-covered altar of Cheibriados.
   316 | D        | Found a shadowy altar of Dithmenos.
   316 | D        | Found a white marble altar of Elyvilon.
   316 | D        | Found a blossoming altar of Fedhas.
   316 | D        | Found an opulent altar of Gozag.
   317 | D        | Found a hazy altar of Hepliaklqana.
   318 | D        | Found a viscous altar of Jiyva.
   319 | D        | Found an ancient bone altar of Kikubaaqudgha.
   320 | D        | Found a corrupted altar of Lugonu.
   321 | D        | Found a burning altar of Makhleb.
   322 | D        | Found a sparkling altar of Nemelex Xobeh.
   323 | D        | Found an iron altar of Okawaru.
   324 | D        | Found a stormy altar of Qazlal.
   325 | D        | Found a sacrificial altar of Ru.
   326 | D        | Found a shimmering blue altar of Sif Muna.
   327 | D        | Found a bloodstained altar of Trog.
   328 | D        | Found a hide-covered altar of Uskayaw.
   329 | D        | Found a radiant altar of Vehumet.
   330 | D        | Found an ornate altar of the Wu Jian Council.
   331 | D        | Found a shimmering altar of Xom.
   332 | D        | Found a basalt altar of Yredelemnul.
   333 | D        | Found a glowing silver altar of Zin.
   334 | D        | Became a worshipper of Sif Muna the Loreminder
   335 | D        | Found a glowing golden altar of the Shining One.
   347 | D        | Learned a level 3 spell: Inner Flame
   355 | D        | Got the +2 rapier of Modesty {flame, Dex+3}
   369 | D        | Noticed a wyvern
   369 | D        | Noticed a gargoyle
   369 | D        | Noticed a gargoyle
   369 | D        | Noticed a yak
   369 | D        | Noticed a killer bee
   385 | D        | HP: 1/21 [wyvern (16)]
   386 | D        | Reached skill level 4 in Spellcasting
   386 | D        | Reached skill level 5 in Fire Magic
   386 | D        | Reached XP level 4. HP: 2/27 MP: 2/10
   389 | D        | Killed a wyvern
   390 | D        | Reached skill level 7 in Spellcasting
   390 | D        | Reached XP level 5. HP: 16/32 MP: 2/14
   397 | D        | Slain by a gargoyle

Illustrated notes

Levels and vault maps discovered:
D:        linesprint [early_d, line_temple, items_1, d_10, items_2, lair_1,
          lair_end, items_3, orc_1, orc_end, items_4, d_15, swamp_1, shoals_1,
          snake_1, spider_1, d_20, vaults_1, items_5, swamp_end, shoals_end,
          snake_end, spider_end, vaults_end, d_27, items_6, zot_1, zot_end,
          crypt_end, forest_end, elf_end, slime_end, tomb_end, abyss_end,
          pan_hell_end]

Skill      XL: |  1  2  3  4 |
---------------+-------------+-----
Stealth        | 3 4 |  4.3
Spellcasting   | 3 4 7 |  7.4
Fire Magic     | 4 5 6 |  6.6
Conjurations   | 2 4 |  4.2
Dodging        | 3 |  3.3
Fighting       | |  0.9
Hexes          | |  0.9

Action                     |  1- 3 |  4- 6 || total
---------------------------+-------+-------++-------
  Melee: Unarmed           |    27 |       ||    27
         Constrict         |     7 |     1 ||     8
         Tentacles         |     3 |     5 ||     8
         Rapier            |       |    10 ||    10
   Cast: Foxfire           |     8 |       ||     8
         Scorch            |    10 |       ||    10
         Inner Flame       |     2 |       ||     2
    Use: Potion            |     3 |     2 ||     5
 Armour: Skin              |     1 |       ||     1
  Dodge: Dodged            |    23 |     6 ||    29

Table legend: (Time is in decaauts)
 A = Elapsed time spent in this place.
 B = Non-inter-level travel time spent in this place.
 C = Inter-level travel time spent in this place.
 D = Time resting spent in this place.
 E = Time spent auto-exploring this place.
 F = Levels seen in this place.
 G = Mean time per level.
                   A        B        C        D        E       F      G
               +--------+--------+--------+--------+--------+-----+--------+
         Total |    388 |    388 |      0 |    205 |      0 |   1 |  388.0 |
       Dungeon |    388 |    388 |      0 |    205 |      0 |   1 |  388.0 |
               +--------+--------+--------+--------+--------+-----+--------+

Top non-repeatable levels by time:
       D: 388 daAuts
